Map: [ESL] Hecate

Players

sOs - Winner!

  • Race: Protoss Protoss
  • League: Master
  • Spawn Location: 1:00

GuMiho

  • Race: Terran Terran
  • Spawn Location: 7:00

Event: IEM Katowice 2024

VOD

Have the link to the VOD?

Description

Time

  • Played on: Dec. 6, 2023, 4:14 a.m.
  • Length: 9:53

All games in this series

Show
View Real Time Build Order
Export as new Build Order

sOs Protoss - Winner!

Build Orders: 1 Gate Expand, Phoenix Opening, Blink Stalkers, Colossus Rush 

Get SALT Encoding   

  12  0:00  Probe  
  13  0:12  Probe  
  14  0:17  Pylon  
  14  0:24  Probe (Chrono Boost)  
  16  0:36  Gateway, Probe (Chrono Boost)  
  16  0:43  Probe (Chrono Boost)  
  16  0:45  Assimilator  
  17  0:51  Probe  
  18  1:03  Probe  
  19  1:20  Nexus  
  19  1:28  Cybernetics Core  
  19  1:31  Probe  
  20  1:36  Assimilator  
  20  1:43  Probe  
  20  1:47  Pylon  
  21  1:55  Probe  
  22  2:02  Stalker (Chrono Boost)  
  22  2:05  Warp Gate  
  22  2:07  Probe (Chrono Boost)  
  26  2:17  Probe (Chrono Boost)  
  26  2:20  Shield Battery  
  26  2:21  Probe (Chrono Boost)  
  26  2:25  Sentry  
  29  2:30  Pylon  
  29  2:32  Probe  
  29  2:34  Probe  
  31  2:45  Probe  
  31  2:46  Probe  
  31  2:49  Stalker  
  35  2:55  Twilight Council, Phoenix  
  35  2:57  Probe (Chrono Boost)  
  36  3:04  Probe (Chrono Boost)  
  37  3:07  Probe (Chrono Boost)  
  37  3:12  Probe x2 (Chrono Boost)  
  40  3:23  Probe  
  40  3:25  Gateway, Probe  
  40  3:26  Gateway  
  42  3:29  Blink (Chrono Boost)  
  42  3:35  Probe  
  42  3:39  Probe (Chrono Boost)  
  42  3:40  Robotics Facility  
  44  3:44  Pylon  
  44  3:50  Probe (Chrono Boost)  
  44  3:51  Probe (Chrono Boost)  
  44  3:52  Assimilator  
  44  3:55  Assimilator, Stalker  
  48  4:00  Probe x2 (Chrono Boost)  
  50  4:05  Probe, Pylon  
  50  4:06  Probe  
  52  4:17  Probe  
  52  4:20  Stalker x3  
  59  4:27  Observer  
  59  4:29  Probe  
  59  4:30  Pylon  
  61  4:33  Probe  
  62  4:41  Probe  
  57  4:52  Robotics Bay  
  57  4:58  Probe  
  57  5:01  Warp Prism  
  57  5:04  Probe  
  60  5:10  Shield Battery  
  60  5:14  Nexus  
  60  5:16  Pylon  
  60  5:22  Probe  
  60  5:23  Probe  
  60  5:25  Stalker  
  60  5:27  Stalker  
  66  5:30  Sentry  
  68  5:36  Colossus (Chrono Boost)  
  68  5:41  Extended Thermal Lance  
  74  5:48  Shield Battery  
  75  5:50  Charge, Probe x2  
  76  6:02  Probe x2  
  76  6:03  Sentry  
  80  6:07  Pylon  
  80  6:15  Colossus (Chrono Boost)  
  80  6:16  Gateway  
  80  6:17  Gateway  
  86  6:25  Probe x2  
  88  6:27  Gateway  
  88  6:29  Forge  
  88  6:30  Sentry  
  90  6:44  Probe x3  
  93  6:54  Protoss Ground Weapons Level 1  
  93  6:56  Probe  
  93  6:58  Colossus (Chrono Boost)  
  100  7:08  Probe  
  100  7:09  Probe  
  100  7:12  Photon Cannon, Pylon  
  100  7:14  Zealot x3  
  108  7:15  Observer  
  108  7:16  Pylon  
  108  7:30  Templar Archives  
  108  7:31  Pylon  
  108  7:32  Pylon  
  108  7:33  Pylon  
  108  7:34  Gateway  
  108  7:37  Gateway  
  108  7:38  Pylon  
  108  7:41  Probe, Pylon  
  109  7:44  Photon Cannon  
  109  7:45  Zealot x6  
  121  7:51  Colossus (Chrono Boost)  
  121  7:55  Probe  
  126  8:08  High Templar x2, Zealot x3  
  126  8:09  Zealot, Probe  
  139  8:12  Archon  
  139  8:21  Observer  
  139  8:23  Nexus  
  139  8:25  Pylon  
  139  8:35  Pylon  
  139  8:36  High Templar x2, Zealot x4  
  151  8:42  Archon  
  151  8:48  Zealot x2  
  155  8:49  Photon Cannon  
  155  8:50  Shield Battery  
  155  8:56  Stalker x2  
  155  8:57  Stalker x2  
  163  9:08  Gateway  
  161  9:10  Zealot x4  
  161  9:13  Gateway  
  161  9:22  Stalker  
  161  9:23  Zealot x3  
  139  9:29  Probe  
  119  9:37  Stalker  
  119  9:38  Stalker x3  
  106  9:44  Stalker x2  
  105  9:51  Stalker x2  
Show
View Real Time Build Order
Export as new Build Order

GuMiho Terran 

Build Orders:  

Get SALT Encoding   

  12  0:00  SCV  
  13  0:12  SCV  
  14  0:16  Supply Depot  
  14  0:24  SCV  
  15  0:38  SCV  
  15  0:40  Barracks  
  16  0:42  Refinery  
  16  0:50  SCV  
  16  0:52  Refinery  
  17  1:02  SCV  
  18  1:14  SCV  
  19  1:26  Orbital Command  
  19  1:27  Reaper  
  19  1:28  Supply Depot  
  20  1:42  Factory  
  20  1:52  SCV  
  21  1:59  Barracks Reactor  
  21  2:04  SCV  
  22  2:16  SCV  
  22  2:20  Command Center  
  23  2:28  SCV  
  23  2:29  Widow Mine  
  26  2:32  Supply Depot  
  26  2:36  Marine  
  27  2:37  Marine  
  27  2:40  SCV  
  29  2:47  Starport  
  29  2:53  SCV  
  29  2:54  Widow Mine  
  32  2:59  Marine x2  
  32  3:05  SCV  
  35  3:16  Widow Mine  
  35  3:17  Marine, SCV  
  39  3:32  Orbital Command, Medivac, Marine  
  42  3:35  Marine  
  42  3:38  SCV, Widow Mine  
  46  3:47  Supply Depot  
  46  3:50  SCV, Marine  
  46  3:53  Marine  
  49  3:57  SCV  
  49  4:01  Factory Tech Lab  
  49  4:02  SCV  
  51  4:06  Liberator  
  51  4:09  Marine  
  56  4:10  Supply Depot, SCV  
  56  4:11  Marine  
  56  4:14  SCV, Supply Depot  
  58  4:20  Siege Tank  
  58  4:22  SCV  
  62  4:32  SCV  
  62  4:33  Marine x2  
  62  4:34  SCV  
  60  4:47  SCV x2  
  60  4:49  Starport Tech Lab  
  60  4:51  Marine x2  
  60  4:54  Siege Tank  
  60  4:57  Barracks  
  60  4:58  Barracks  
  60  4:59  SCV  
  63  5:00  SCV  
  63  5:01  Engineering Bay, Refinery  
  63  5:07  Supply Depot  
  63  5:08  Marine  
  63  5:09  Marine  
  63  5:10  Raven  
  63  5:11  SCV  
  68  5:14  Engineering Bay  
  68  5:22  SCV  
  68  5:24  SCV  
  68  5:25  Supply Depot  
  68  5:26  Supply Depot  
  70  5:31  Siege Tank  
  70  5:33  Terran Infantry Weapons Level 1  
  70  5:34  SCV, Marine x2  
  76  5:38  Supply Depot  
  76  5:41  SCV  
  77  5:46  SCV  
  78  5:53  Command Center  
  78  5:54  Starport Reactor  
  78  5:55  SCV  
  79  5:58  SCV, Refinery  
  79  6:03  Stimpack  
  80  6:07  SCV  
  80  6:08  Combat Shield  
  80  6:10  Marine, SCV, Marauder x2  
  87  6:11  Marine  
  88  6:18  Barracks  
  88  6:21  Barracks  
  88  6:27  Supply Depot  
  88  6:28  SCV x2  
  88  6:31  Supply Depot  
  92  6:32  Marauder  
  92  6:33  Marauder  
  92  6:36  Factory Reactor  
  93  6:41  SCV x2  
  93  6:46  Marine x2  
  97  6:49  Medivac  
  97  6:52  Medivac  
  103  6:54  Marauder  
  103  6:55  Marauder  
  103  7:00  SCV x2  
  107  7:05  Supply Depot  
  107  7:06  Orbital Command  
  107  7:09  Marine  
  107  7:10  Barracks Reactor, Barracks Tech Lab, Marine  
  107  7:13  SCV x2  
  107  7:15  Marauder  
  113  7:16  Marauder  
  113  7:21  Widow Mine x2  
  119  7:23  Medivac  
  119  7:26  Medivac  
  123  7:32  Orbital Command  
  123  7:33  Supply Depot  
  123  7:35  Terran Infantry Armor Level 1  
  123  7:37  SCV x2, Marauder  
  125  7:38  Marauder  
  125  7:40  Marauder  
  125  7:41  Marine x2  
  133  7:49  SCV  
  134  7:57  Marine x2  
  134  7:58  Marauder  
  138  7:59  Marauder  
  138  8:00  SCV x2  
  138  8:02  Marauder  
  138  8:04  Viking  
  146  8:07  Viking  
  146  8:12  Supply Depot  
  145  8:13  SCV x2  
  145  8:15  SCV  
  147  8:23  Marauder x3  
  147  8:24  Marine x3  
  147  8:25  Marine  
  157  8:32  Refinery x2  
  155  8:37  Armory, Ghost Academy  
  155  8:41  SCV x3  
  158  8:42  Marine x4  
  158  8:47  Marauder  
  164  8:52  Marauder, Supply Depot x2  
  164  8:55  Marauder  
  168  9:00  Marine x2  
  169  9:09  Marauder, Marine x2  
  173  9:14  Marauder  
  173  9:16  Marauder  
  175  9:18  Marine  
  142  9:30  Marauder  
  142  9:31  Marine x2  
  98  9:32  Marine  
  89  9:39  SCV x2  
  89  9:40  SCV  

Tags
 
Add a new tag
Caveats
  • Supply blocks, unpowered buildings, or Contaminate may cause inaccurate times.
  • Supply counts are checked every 10 seconds.